 Dungeon Sprint DCSS version 0.26.1-11-gd32895ea62 (webtiles) character file.

Game seed: 6584750165715031074

37 Zeld the Digger (level 3, -2/27 HPs)
             Began as a Gnoll Earth Elementalist on June 13, 2021.
             Slain by a sky beast (6 damage)
             ... in the Dungeon (Sprint IX: "|||||||||||||||||||||||||||||").
             The game lasted 00:00:27 (236 turns).

Zeld the Digger (Gnoll Earth Elementalist)           Turns: 236, Time: 00:00:27

Health: -2/27      AC:  2    Str: 10    XL:     3   Next: 41%
Magic:  9/9        EV: 15    Int: 18    God:
Gold:   0          SH:  0    Dex: 15    Spells: 9/12 levels left

rFire    . . .     SeeInvis .   a - +0 club
rCold    . . .     Faith    .   (no shield)
rNeg     . . .     Spirit   .   c - +0 robe
rPois    .         Reflect  .   (no helmet)
rElec    .         Harm     .   (no cloak)
rCorr    .         Rampage  .   (no gloves)
Will     .....     NoTele   +   (no boots)
Stlth    +++.......             (no amulet)
HPRegen  0.09/turn              (no ring)
MPRegen  0.11/turn              (no ring)

@: berserk cooldown, slowed, very slow
A: distributed training, fangs 1, strong nose
a: no special abilities


You were in the Dungeon.
You visited 1 branch

Inventory:

Hand Weapons
 a - a +0 club (weapon)
Missiles
 b - 24 stones
Armour
 c - a +0 robe (worn)
Scrolls
 i - a scroll of blinking
Potions
 d - a potion of curing
 e - a potion of heal wounds
 f - a potion of haste
 g - 2 potions of magic


   Skills:
 + Level 2.0 Fighting
 + Level 2.0 Short Blades
 + Level 2.0 Long Blades
 + Level 2.0 Axes
 + Level 2.0 Maces & Flails
 + Level 2.0 Polearms
 + Level 2.0 Staves
 + Level 2.0 Slings
 + Level 2.0 Bows
 + Level 2.0 Crossbows
 + Level 2.0 Throwing
 + Level 2.0 Armour
 + Level 5.0 Dodging
 + Level 4.6 Stealth
 + Level 2.0 Shields
 + Level 2.0 Unarmed Combat
 + Level 5.4 Spellcasting
 + Level 1.6 Conjurations
 + Level 1.6 Hexes
 + Level 1.6 Summonings
 + Level 1.6 Necromancy
 + Level 1.6 Translocations
 + Level 2.6 Transmutations
 + Level 1.6 Fire Magic
 + Level 1.6 Ice Magic
 + Level 1.6 Air Magic
 + Level 5.7 Earth Magic
 + Level 1.6 Poison Magic
 + Level 2.2 Invocations
 + Level 2.0 Evocations


You had 9 spell levels left.
You knew the following spells:

 Your Spells              Type           Power        Failure   Level
a - Sandblast             Erth           50%          1%          1
b - Passwall              Tmut/Erth      15%          3%          2

Your spell library contained the following spells:

 Spells                   Type           Power        Failure   Level
 Stone Arrow              Conj/Erth      36%          9%          3
 Petrify                  Tmut/Erth      19%          22%         4
 Lee's Rapid Deconstruct  Erth           12%          34%         5


Dungeon Overview and Level Annotations

Branches:
Dungeon (1/1)

Altars:


Innate Abilities, Weirdness & Mutations

Your experience applies equally to all skills.
You have very sharp teeth.
Your uncanny sense of smell can sniff out nearby items.


Message History

You are no longer berserk.
You are exhausted.
You feel yourself slow down.
Something is blocking the doorway!
A sky beast appears from thin air!
Reactivating autopickup.
The sky beast misses you. The sky beast completely misses you.
The sky beast completely misses you.
You see here a bat skeleton.
You see here a +0 club.
Okay, then.
You aren't carrying any items that you can evoke.
The sky beast hits you but does no damage.
You see here a +0 club.
The sky beast flickers out of sight!
Deactivating autopickup; reactivate with Ctrl-A.
There is an open door to the Dungeon here.
Something hits you.
* * * LOW HITPOINT WARNING * * *
Something shocks you.
You die...

∆∆∆∆∆∆∆∆∆∆
▓▓▓▓▓▓▓▓▓▓▓▓▓▓▓▓▓▓
▓<..@'lO÷..††....+
▓▓▓▓▓▓▓▓▓▓▓▓▓▓▓▓▓▓


You could see an ogre and a leopard gecko.

Vanquished Creatures
  A hound (D)
  A dart slug (D)
  A bat (D)
  A giant cockroach (D)
  2 goblins (D)
  A hobgoblin (D)
7 creatures vanquished.

Notes
Turn   | Place    | Note
-------+----------+-------------------------------------------
     0 | D        | Zeld the Gnoll Earth Elementalist began the quest for the
                  | Orb.
     0 | D        | Reached XP level 1. HP: 13/13 MP: 6/6
    10 | D        | Reached skill level 5 in Spellcasting
    10 | D        | Reached skill level 1 in Invocations
    12 | D        | Reached skill level 1 in Fighting
    12 | D        | Reached skill level 1 in Short Blades
    12 | D        | Reached skill level 1 in Long Blades
    12 | D        | Reached skill level 1 in Axes
    12 | D        | Reached skill level 1 in Maces & Flails
    12 | D        | Reached skill level 1 in Polearms
    12 | D        | Reached skill level 1 in Staves
    12 | D        | Reached skill level 1 in Slings
    12 | D        | Reached skill level 1 in Bows
    12 | D        | Reached skill level 1 in Crossbows
    12 | D        | Reached skill level 1 in Throwing
    12 | D        | Reached skill level 1 in Armour
    12 | D        | Reached skill level 1 in Shields
    12 | D        | Reached skill level 1 in Unarmed Combat
    12 | D        | Reached skill level 1 in Evocations
    17 | D        | Reached XP level 2. HP: 21/21 MP: 1/8
    20 | D        | Learned a level 2 spell: Passwall
   216 | D        | Noticed a sky beast
   216 | D        | Noticed an ogre
   225 | D        | Reached skill level 5 in Dodging
   225 | D        | Reached skill level 1 in Conjurations
   225 | D        | Reached skill level 1 in Hexes
   225 | D        | Reached skill level 1 in Summonings
   225 | D        | Reached skill level 1 in Necromancy
   225 | D        | Reached skill level 1 in Translocations
   225 | D        | Reached skill level 1 in Fire Magic
   225 | D        | Reached skill level 1 in Ice Magic
   225 | D        | Reached skill level 1 in Air Magic
   225 | D        | Reached skill level 1 in Poison Magic
   225 | D        | Reached XP level 3. HP: 13/27 MP: 9/9
   236 | D        | Slain by a sky beast

Illustrated notes

Levels and vault maps discovered:
D:        linesprint [early_d, line_temple, items_1, d_10, items_2, lair_1,
          lair_end, items_3, orc_1, orc_end, items_4, d_15, swamp_1, shoals_1,
          snake_1, spider_1, d_20, vaults_1, items_5, swamp_end, shoals_end,
          snake_end, spider_end, vaults_end, d_27, items_6, zot_1, zot_end,
          crypt_end, forest_end, elf_end, slime_end, tomb_end, abyss_end,
          pan_hell_end]

Skill      XL: |  1  2 |
---------------+-------+-----
Transmutations | 2 |  2.6
Spellcasting   | 5 |  5.4
Invocations    | 1 2 |  2.2
Fighting       | 1 2 |  2.0
Short Blades   | 1 2 |  2.0
Long Blades    | 1 2 |  2.0
Axes           | 1 2 |  2.0
Maces & Flails | 1 2 |  2.0
Polearms       | 1 2 |  2.0
Staves         | 1 2 |  2.0
Slings         | 1 2 |  2.0
Bows           | 1 2 |  2.0
Crossbows      | 1 2 |  2.0
Throwing       | 1 2 |  2.0
Armour         | 1 2 |  2.0
Shields        | 1 2 |  2.0
Unarmed Combat | 1 2 |  2.0
Evocations     | 1 2 |  2.0
Dodging        | 5 |  5.0
Conjurations   | 1 |  1.6
Hexes          | 1 |  1.6
Summonings     | 1 |  1.6
Necromancy     | 1 |  1.6
Translocations | 1 |  1.6
Fire Magic     | 1 |  1.6
Ice Magic      | 1 |  1.6
Air Magic      | 1 |  1.6
Poison Magic   | 1 |  1.6
Stealth        | |  4.6
Earth Magic    | |  5.7

Action                   || total
-------------------------++-------
Melee: Unarmed           ||     4
       Club              ||     9
 Cast: Sandblast         ||     6
  Use: Potion            ||     1
Armor: Robe              ||     1
Dodge: Dodged            ||    13
